 Dungeon Crawl Stone Soup version 0.29.0-4-gdea44cf6ec (webtiles) character file.

Game seed: 9630199379475518657

36598 qw the Severer (level 13, -12/86 HPs)
             Began as a Gargoyle Berserker on Sept 5, 2022.
             Was an Elder of Trog.
             Mangled by a death yak (17 damage)
             ... on level 4 of the Lair of Beasts.
             The game lasted 00:06:23 (18044 turns).

qw the Severer (Gargoyle Berserker)                Turns: 18044, Time: 00:06:24

Health: -12/86     AC: 31    Str: 30    XL:     13   Next: 91%
Magic:  13/13      EV: 12    Int:  9    God:    Trog [****..]
Gold:   583        SH: 10    Dex:  9    Spells: 12/12 levels left

rFire   + . .      SeeInvis .   h - +1 war axe
rCold   . . .      Faith    .   k - +0 buckler
rNeg    + . .      Spirit   .   s - +2 plate armour
rPois   inf        Reflect  +   o - +1 helmet of Hilesyej {Str+2}
rElec   +          Harm     .   (no cloak)
rCorr   .          Rampage  .   b - +1 pair of gloves of Puaxtap {Str+3 Slay+2}
Will    .....      Clarity  +   (no boots)
Stlth   ..........              j - amulet of reflection
HPRegen 0.24/turn               d - ring of protection from fire
MPRegen 0.13/turn               n - +4 ring of evasion

@: about to teleport, on berserk cooldown, slowed, very slow
A: sickness immunity, AC +9, negative energy resistance 1, electricity
resistance, torment resistance 1, petrification resistance, clarity, wild magic
1, noise suppression
a: Renounce Religion, Berserk, Trog's Hand, Brothers in Arms


You were on level 4 of the Lair of Beasts.
You worshipped Trog.
Trog was greatly pleased with you.
You visited 2 branches of the dungeon, and saw 14 of its levels.

You collected 889 gold pieces.
You spent 306 gold pieces at shops.


Innate Abilities, Weirdness & Mutations

You are immune to sickness and miasma.
Your stone body is resilient. (AC +9)
You are immune to poison.
You resist negative energy. (rN+)
You are resistant to electric shocks. (rElec)
You are resistant to unholy torment.
You are immune to petrification.
You possess an exceptional clarity of mind.
Your spells are a little harder to cast, but a little more powerful.
You passively dampen the noise of your surroundings.


   Skills:
 - Level 12.0 Fighting
 + Level 15.7 Axes
 - Level 4.6 Throwing
 - Level 10.0 Armour
 - Level 3.0 Dodging
 - Level 7.3 Shields


You had 12 spell levels left.
You didn't know any spells.
Your spell library was empty.

Inventory:

Hand Weapons
 h - a +1 war axe (weapon)
 t - a +0 eveningstar
Armour
 b - the +1 pair of gloves of Puaxtap (worn) {Str+3 Slay+2}
   (You acquired it on level 6 of the Dungeon)

   Str:       It affects your strength (+3).
   Slay:      It affects your accuracy & damage with ranged weapons and melee
   (+2).
 f - the +0 pair of boots of Exceptional Wonder {Harm rC+ Dex-5}
   (You found it on level 3 of the Lair of Beasts)

   Dex:       It affects your dexterity (-5).
   rC:        It protects you from cold.
   Harm:      It increases damage dealt and taken.
 g - a +1 chain mail of fire resistance
 k - a +0 buckler (worn)
 o - the +1 helmet of Hilesyej (worn) {Str+2}
   (You found it on level 2 of the Dungeon)

   Str:       It affects your strength (+2).
 s - a +2 plate armour (worn)
Jewellery
 d - a ring of protection from fire (left hand)
 j - an amulet of reflection (around neck)
 n - a +4 ring of evasion (right hand)
 u - a ring of protection from cold
 Y - a ring of positive energy
Scrolls
 l - 4 scrolls of identify
 p - 3 scrolls of teleportation
 r - a scroll of immolation {unknown}
Potions
 a - 2 potions of resistance
 c - 6 potions of curing
 e - 2 potions of heal wounds
 i - 2 potions of mutation
 q - a potion of cancellation

Dungeon Overview and Level Annotations

Branches:
Dungeon (9/15)             Temple (0/1) D:7            Lair (5/5) D:9
  Swamp (0/4) Lair:2       Spider (0/4) Lair:2
  Slime: Lair:4-5       Orc: D:9-12

Altars:
Fedhas
Kikubaaqudgha
Makhleb
Nemelex Xobeh
Okawaru
Qazlal
Ru
Sif Muna
Trog
Uskayaw
Yredelemnul

Shops:
D:6 :   D:7 *


Message History

You block the death yak's attack. x2; The death yak gores you.
The death yak gores you!
You slash the death yak!
The death yak is severely wounded.
You slash the death yak! You barely miss the death yak.
The death yak gores you but does no damage.
You block the death yak's attack.
The death yak gores you but does no damage.
You hit the death yak.
The death yak is severely wounded.
You hit the death yak. You barely miss the death yak.
You block the death yak's attack. x3
You barely miss the death yak.
The death yak is severely wounded.
You hit the death yak but do no damage. You hit the death yak.
The death yak barely misses you. You block the death yak's attack.
The death yak gores you!
You hit the death yak but do no damage.
The death yak is severely wounded.
You hit the death yak. You slash the death yak!
The death yak gores you but does no damage.
You block the death yak's attack.
The death yak gores you but does no damage.
You slash the death yak!
The death yak is almost dead.
You slash the death yak! You barely miss the death yak.
You block the death yak's attack. x2
The death yak gores you but does no damage.
You barely miss the death yak.
The death yak is almost dead.
You barely miss the death yak. x2
The death yak gores you! You block the death yak's attack.
The death yak gores you but does no damage.
18044 ||| READING 4 scrolls of teleportation.
As you read the scroll of teleportation, it crumbles to dust.
You feel strangely unstable. The death yak closely misses you.
The death yak misses you. You block the death yak's attack.
The death yak barely misses you. The death yak gores you! x2
You die...

#..........P....#.#...
#.#.............#.###.
###..............## #.
##...............####
#.................###
#...................#
##..P................#
#(.##.Y............###
#...Y@............P#
#..#.Y#%...........##
...###.#..........#
#... ###.........## #
#.. ##..#.#..## # ##
###.##### # ###


You could see 3 death yaks.

Vanquished Creatures
  Rupert (Lair:3)
  Gastronok (Lair:1)
  A hydra (Lair:4)
  A two-headed ogre (D:7)
  5 death yaks
  A wolf spider (Lair:2)
  10 elephants
  6 black mambas
  5 cane toads
  A rime drake (Lair:3)
  6 komodo dragons
  Grinder (D:3)
  2 polar bears
  7 blink frogs (Lair:4)
  A jumping spider (Lair:2)
  12 dream sheep
  3 wyverns
  Grum (D:8)
  46 yaks
  A steam dragon (D:8)
  Edmund (D:5)
  2 wargs (D:9)
  An acid dragon (D:9)
  11 water moccasins
  Duvessa (D:7)
  4 ice beasts
  4 black bears
  A swamp drake (Lair:2)
  3 orc warriors
  2 sky beasts (D:7)
  An ogre (D:5)
  A centaur (D:9)
  24 wolves
  3 phantoms
  A kobold brigand (D:6)
  7 bullfrogs
  3 necrophages
  A gnoll sergeant (D:9)
  3 scorpions
  8 wights
  Dowan (D:7)
  11 killer bees (D:9)
  A howler monkey (D:9)
  5 hounds
  A jelly (D:6)
  3 orc priests
  Ijyb (D:3)
  2 gnoll boudas
  5 iguanas
  9 orc wizards
  7 hell rats (Lair:3)
  7 adders
  12 gnolls
  5 white imps
  3 worms
  3 dart slugs
  37 orcs
  6 ball pythons
  3 bats
  6 endoplasms
  2 giant cockroaches
  14 goblins
  7 hobgoblins
  12 jackals
  2 quokkas (D:1)
  2 frilled lizards (D:1)
  9 kobolds
  5 rats
375 creatures vanquished.

Vanquished Creatures (collateral kills)
  A hydra (Lair:2)
  2 yaks (Lair:2)
3 creatures vanquished.

Vanquished Creatures (others)
  Nessos (Lair:3)
  An orc (D:6)
  22 fungi
  25 plants
49 creatures vanquished.

Grand Total: 427 creatures vanquished

Notes
Turn   | Place    | Note
-------+----------+-------------------------------------------
     0 | D:1      | qw the Gargoyle Berserker began the quest for the Orb.
     0 | D:1      | Reached XP level 1. HP: 14/14 MP: 1/1
     0 | D:1      | 0 ||| qw: Version: 0.1-a-104-g96f76f8
     0 | D:1      | 0 ||| qw: Game counter: 5991
     0 | D:1      | 0 ||| qw: Always use a shield: true
     0 | D:1      | 0 ||| qw: Do Orc after D:15 true
     0 | D:1      | 0 ||| qw: Do second Lair branch before Depths: true
     0 | D:1      | 0 ||| qw: Lair rune preference: random
     0 | D:1      | 0 ||| qw: Plans: Normal
     0 | D:1      | 0 ||| PLANNING D:1-11
   131 | D:1      | 131 ||| Stepping ~*~*~tactically~*~*~ (hiding).
   138 | D:1      | 138 ||| INVOKING Berserk.
   139 | D:1      | 139 ||| INVOKING Berserk.
   144 | D:1      | Reached skill level 3 in Axes
   144 | D:1      | Reached XP level 2. HP: 19/19 MP: 2/2
   360 | D:1      | 360 ||| Stepping ~*~*~tactically~*~*~ (stealth).
   559 | D:1      | 559 ||| Stepping ~*~*~tactically~*~*~ (stealth).
   919 | D:1      | Reached XP level 3. HP: 23/23 MP: 3/3
   931 | D:1      | 931 ||| Stepping ~*~*~tactically~*~*~ (stealth).
   944 | D:1      | 944 ||| INVOKING Berserk.
  1218 | D:1      | 1218 ||| Stepping ~*~*~tactically~*~*~ (stealth).
  1235 | D:1      | Reached skill level 4 in Axes
  1301 | D:1      | Found a faded altar of an unknown god.
  1434 | D:1      | 1434 ||| UPGRADING to +2 pair of gloves.
  1439 | D:1      | 1439 ||| UPGRADING to +0 helmet.
  1444 | D:1      | 1444 ||| UPGRADING to ring of positive energy.
  1445 | D:1      | 1445 ||| READING scroll labelled BYCVUTZEIF.
  1486 | D:2      | You fall into a shaft and drop 1 floor!
  1493 | D:3      | Noticed Grinder
  1494 | D:3      | 1494 ||| Stepping ~*~*~tactically~*~*~ (hiding).
  1496 | D:3      | 1496 ||| Stepping ~*~*~tactically~*~*~ (hiding).
  1499 | D:3      | 1499 ||| INVOKING Berserk.
  1508 | D:3      | Killed Grinder
  1509 | D:3      | Reached skill level 6 in Axes
  1509 | D:3      | Reached XP level 4. HP: 25/28 MP: 4/4
  1509 | D:3      | Reached XP level 5. HP: 29/32 MP: 5/5
  1509 | D:3      | Reached XP level 6. HP: 33/37 MP: 6/6
  1920 | D:3      | Found a basalt altar of Yredelemnul.
  1929 | D:3      | Noticed Ijyb
  1930 | D:3      | 1930 ||| Stepping ~*~*~tactically~*~*~ (hiding).
  1931 | D:3      | 1931 ||| Stepping ~*~*~tactically~*~*~ (hiding).
  1936 | D:3      | 1936 ||| INVOKING Berserk.
  1940 | D:3      | Paralysed by Ijyb for 4 turns
  1951 | D:3      | Killed Ijyb
  2053 | D:3      | 2053 ||| UPGRADING to +0 leather armour.
  2063 | D:3      | 2063 ||| DROPPING +0 animal skin.
  2064 | D:3      | 2064 ||| READING scroll labelled HUUHOWOWKI.
  2069 | D:3      | 2069 ||| READING scroll labelled SAONWI WOTA.
  2261 | D:2      | 2261 ||| Stepping ~*~*~tactically~*~*~ (stealth).
  2286 | D:2      | Reached ** piety under Trog
  2360 | D:2      | Found an ancient bone altar of Kikubaaqudgha.
  2463 | D:2      | Identified the +1 helmet of Hilesyej {Str+2}
  3115 | D:2      | 3115 ||| UPGRADING to +0 ring mail.
  3125 | D:2      | 3125 ||| DROPPING +0 leather armour.
  3126 | D:2      | 3126 ||| UPGRADING to +1 helmet of Hilesyej {Str+2}.
  3136 | D:2      | 3136 ||| DROPPING +0 helmet.
  3137 | D:2      | 3137 ||| DROPPING ring of magical power.
  3138 | D:2      | 3138 ||| READING scroll labelled WICYUN COSORGH.
  3139 | D:2      | 3139 ||| READING 2 scrolls labelled REQYMO BITUWK.
  3140 | D:2      | 3140 ||| READING scroll labelled ROTSUSS SAOWE.
  3141 | D:2      | 3141 ||| READING scroll labelled FABLOALEFITT.
  3831 | D:3      | Found a bloodstained altar of Trog.
  3831 | D:3      | Found an iron altar of Okawaru.
  3834 | D:3      | 3834 ||| INVOKING Berserk.
  4002 | D:3      | 4002 ||| DROPPING ring of ice.
  4003 | D:3      | 4003 ||| UPGRADING to +4 ring of evasion.
  4004 | D:3      | 4004 ||| READING scroll labelled LUMATU EFYUROA.
  4005 | D:3      | 4005 ||| READING scroll labelled RIDUINKUJYZ.
  4106 | D:3      | 4106 ||| DRINKING 2 glowing brown potions.
  4106 | D:3      | Gained mutation: You passively dampen the noise of your
                  | surroundings. [potion of mutation]
  4106 | D:3      | Gained mutation: Your spells are a little harder to cast,
                  | but a little more powerful. [potion of mutation]
  4106 | D:3      | Gained mutation: You possess an exceptional clarity of
                  | mind. [potion of mutation]
  4173 | D:4      | Noticed an ice beast
  4174 | D:4      | 4174 ||| INVOKING Berserk.
  4184 | D:4      | Killed an ice beast
  4185 | D:4      | Reached skill level 7 in Axes
  4185 | D:4      | Reached XP level 7. HP: 43/43 MP: 7/7
  4299 | D:4      | 4299 ||| DROPPING +0 club.
  4475 | D:4      | 4475 ||| Stepping ~*~*~tactically~*~*~ (hiding).
  4477 | D:4      | 4477 ||| Stepping ~*~*~tactically~*~*~ (hiding).
  4624 | D:4      | 4624 ||| DROPPING +0 whip.
  4690 | D:4      | 4690 ||| Stepping ~*~*~tactically~*~*~ (stealth).
  5074 | D:4      | 5074 ||| UPGRADING to +0 chain mail.
  5084 | D:4      | 5084 ||| DROPPING +0 ring mail.
  5085 | D:4      | 5085 ||| READING scroll labelled GYAFAU TUUSH.
  5086 | D:4      | 5086 ||| READING scroll labelled GUSONU XAZO.
  5087 | D:4      | 5087 ||| READING 2 scrolls of identify.
  5087 | D:4      | 5087 ||| IDENTIFYING emerald potion
  5104 | D:5      | Entered Level 5 of the Dungeon
  5105 | D:5      | 5105 ||| Stepping ~*~*~tactically~*~*~ (hiding).
  5106 | D:5      | 5106 ||| Stepping ~*~*~tactically~*~*~ (hiding).
  5245 | D:5      | Reached skill level 3 in Armour
  5434 | D:5      | Reached XP level 8. HP: 44/49 MP: 8/8
  5463 | D:5      | Noticed Edmund
  5464 | D:5      | 5464 ||| DRINKING 2 grey potions.
  5468 | D:5      | 5468 ||| INVOKING Berserk.
  5479 | D:5      | Killed Edmund
  5480 | D:5      | Reached skill level 8 in Axes
  5567 | D:5      | 5567 ||| INVOKING Berserk.
  6000 | D:5      | 6000 ||| READING scroll labelled DOOH WIFEACH.
  6001 | D:5      | 6001 ||| DRINKING 2 fizzy amethyst potions.
  6002 | D:5      | 6002 ||| READING 2 scrolls of identify.
  6002 | D:5      | 6002 ||| IDENTIFYING fizzy puce potion
  6003 | D:5      | 6003 ||| DROPPING potion of brilliance.
  6004 | D:5      | 6004 ||| DROPPING potion of invisibility.
  6024 | D:6      | 6024 ||| INVOKING Berserk.
  6033 | D:6      | Reached skill level 6 in Fighting
  6124 | D:6      | 6124 ||| Stepping ~*~*~tactically~*~*~ (stealth).
  6138 | D:6      | 6138 ||| INVOKING Berserk.
  6168 | D:6      | 6168 ||| READING 4 scrolls of teleportation.
  6170 | D:6      | HP: 11/52 [acid (4)]
  6171 | D:6      | 6171 ||| READING 3 scrolls of teleportation.
  6171 | D:6      | HP: 3/52 [white imp/puff of frost (9)]
  6211 | D:6      | 6211 ||| FLEEEEING.
  6212 | D:6      | 6212 ||| FLEEEEING.
  6213 | D:6      | 6213 ||| FLEEEEING.
  6223 | D:6      | 6223 ||| STAIRDANCE
  6468 | D:6      | 6468 ||| INVOKING Berserk.
  6663 | D:6      | 6663 ||| Stepping ~*~*~tactically~*~*~ (stealth).
  6676 | D:6      | 6676 ||| INVOKING Berserk.
  6683 | D:6      | Reached skill level 9 in Axes
  6683 | D:6      | Reached XP level 9. HP: 56/56 MP: 9/9
  7121 | D:6      | Found a sparkling altar of Nemelex Xobeh.
  7140 | D:6      | 7140 ||| INVOKING Berserk.
  7259 | D:6      | 7259 ||| Stepping ~*~*~tactically~*~*~ (stealth).
  7303 | D:6      | Found a blossoming altar of Fedhas.
  7341 | D:6      | 7341 ||| Stepping ~*~*~tactically~*~*~ (stealth).
  7523 | D:6      | Found Keamiawy's Book Shop.
  7599 | D:6      | 7599 ||| UPGRADING to +1 chain mail of fire resistance.
  7609 | D:6      | 7609 ||| DROPPING +0 chain mail.
  7610 | D:6      | 7610 ||| READING scroll labelled YSMIYF ZYMI.
  7610 | D:6      | Identified a scroll of acquirement
  7610 | D:6      | 7610 ||| ACQUIRING +1 pair of gloves of Puaxtap {Str+3
                  | Slay+2}
  7610 | D:6      | Acquired the +1 pair of gloves of Puaxtap {Str+3 Slay+2}
  7612 | D:6      | 7612 ||| UPGRADING to +1 pair of gloves of Puaxtap {Str+3
                  | Slay+2}.
  7622 | D:6      | 7622 ||| DROPPING +2 pair of gloves.
  7668 | D:7      | Reached skill level 1 in Throwing
  7940 | D:7      | Found a shimmering blue altar of Sif Muna.
  7958 | D:7      | Found a staircase to the Ecumenical Temple.
  7991 | D:7      | 7991 ||| INVOKING Berserk.
  8120 | D:7      | Found Laokhoij's Assorted Antiques.
  8128 | D:7      | 8128 ||| BUYING fading scale mail (279 gold).
  8128 | D:7      | Bought a fading scale mail for 279 gold pieces
  8128 | D:7      | Identified the +5 scale mail "Bixafita" {Rampage rPois
                  | Int-5 Dex-4} (You bought it in a shop on level 7 of the
                  | Dungeon)
  8128 | D:7      | 8128 ||| SHOPLISTING ivory ring (155 gold, have 82).
  8128 | D:7      | 8128 ||| BUYING orange potion (27 gold).
  8128 | D:7      | Bought an orange potion for 27 gold pieces
  8128 | D:7      | 8128 ||| SHOPLISTING potion of mutation (248 gold, have
                  | 55).
  8128 | D:7      | 8128 ||| SHOPLISTING runed war axe (201 gold, have 55).
  8128 | D:7      | 8128 ||| SHOPLISTING scroll of identify (62 gold, have 55).
  8248 | D:7      | Noticed a two-headed ogre
  8250 | D:7      | 8250 ||| INVOKING Berserk.
  8256 | D:7      | Killed a two-headed ogre
  8257 | D:7      | Reached skill level 10 in Axes
  8426 | D:7      | 8426 ||| INVOKING Berserk.
  8574 | D:7      | 8574 ||| Stepping ~*~*~tactically~*~*~ (stealth).
  8580 | D:7      | 8580 ||| Stepping ~*~*~tactically~*~*~ (stealth).
  8581 | D:7      | 8581 ||| Stepping ~*~*~tactically~*~*~ (stealth).
  8598 | D:7      | Noticed Duvessa
  8598 | D:7      | Noticed Dowan
  8599 | D:7      | 8599 ||| Stepping ~*~*~tactically~*~*~ (hiding).
  8600 | D:7      | 8600 ||| Stepping ~*~*~tactically~*~*~ (hiding).
  8606 | D:7      | 8606 ||| INVOKING Berserk.
  8612 | D:7      | Killed Duvessa
  8612 | D:7      | Reached *** piety under Trog
  8613 | D:7      | Reached XP level 10. HP: 64/64 MP: 10/10
  8616 | D:7      | Killed Dowan
  8827 | D:7      | Found an ancient bone altar of Kikubaaqudgha.
  8837 | D:7      | Noticed a +0 falchion
  8837 | D:7      | Noticed a +0 dagger
  8840 | D:7      | Noticed a +0 short sword
  8840 | D:7      | Noticed a +0 falchion
  8840 | D:7      | Noticed a +0 spear
  8840 | D:7      | Noticed a +0 short sword
  8840 | D:7      | Noticed a +0 spear
  8840 | D:7      | Noticed a +0 dagger
  8952 | D:7      | Found a hide-covered altar of Uskayaw.
  9099 | D:7      | 9099 ||| DROPPING +5 scale mail "Bixafita" {Rampage rPois
                  | Int-5 Dex-4}.
  9100 | D:7      | 9100 ||| DRINKING 2 fizzy coppery potions.
  9144 | D:7      | 9144 ||| READING 2 scrolls of identify.
  9144 | D:7      | 9144 ||| IDENTIFYING orange potion
  9145 | D:7      | 9145 ||| DROPPING potion of lignification.
  9245 | D:8      | Reached skill level 11 in Axes
  9249 | D:8      | 9249 ||| SWAPPING to +0 war axe.
  9250 | D:8      | 9250 ||| DROPPING +0 flail.
  9251 | D:8      | 9251 ||| DROPPING +1 hand axe.
  9257 | D:8      | 9257 ||| Stepping ~*~*~tactically~*~*~ (hiding).
  9262 | D:8      | 9262 ||| INVOKING Berserk.
  9498 | D:8      | 9498 ||| Stepping ~*~*~tactically~*~*~ (hiding).
  9501 | D:8      | 9501 ||| Stepping ~*~*~tactically~*~*~ (stealth).
  9503 | D:8      | 9503 ||| Stepping ~*~*~tactically~*~*~ (hiding).
  9506 | D:8      | 9506 ||| INVOKING Berserk.
  9517 | D:8      | Found a flagged portal.
  9521 | D:8      | Reached skill level 6 in Armour
  9638 | D:8      | Noticed Grum
  9642 | D:8      | 9642 ||| INVOKING Berserk.
  9655 | D:8      | Killed Grum
  9831 | D:8      | 9831 ||| Stepping ~*~*~tactically~*~*~ (stealth).
  9833 | D:8      | 9833 ||| INVOKING Berserk.
  9993 | D:8      | 9993 ||| Stepping ~*~*~tactically~*~*~ (hiding).
 10126 | D:8      | 10126 ||| DROPPING +1 flail of holy wrath.
 10144 | D:8      | Reached skill level 9 in Fighting
 10229 | D:8      | 10229 ||| Stepping ~*~*~tactically~*~*~ (hiding).
 10335 | D:8      | Found a sacrificial altar of Ru.
 10539 | D:8      | 10539 ||| UPGRADING to +0 plate armour.
 10549 | D:8      | 10549 ||| READING scroll of enchant armour.
 10549 | D:8      | 10549 ||| ENCHANTING +0 plate armour.
 10550 | D:8      | 10550 ||| UPGRADING to amulet of reflection.
 10849 | D:9      | 10849 ||| Stepping ~*~*~tactically~*~*~ (stealth).
 10851 | D:9      | Found a staircase to the Lair.
 10855 | D:9      | 10855 ||| INVOKING Berserk.
 11020 | D:9      | 11020 ||| Stepping ~*~*~tactically~*~*~ (stealth).
 11022 | D:9      | 11022 ||| Stepping ~*~*~tactically~*~*~ (hiding).
 11065 | D:9      | 11065 ||| Stepping ~*~*~tactically~*~*~ (stealth).
 11067 | D:9      | 11067 ||| Stepping ~*~*~tactically~*~*~ (stealth).
 11074 | D:9      | Reached **** piety under Trog
 11175 | D:9      | 11175 ||| Stepping ~*~*~tactically~*~*~ (stealth).
 11179 | D:9      | 11179 ||| Stepping ~*~*~tactically~*~*~ (stealth).
 11214 | D:9      | 11214 ||| Stepping ~*~*~tactically~*~*~ (stealth).
 11215 | D:9      | 11215 ||| Stepping ~*~*~tactically~*~*~ (stealth).
 11228 | D:9      | Reached XP level 11. HP: 66/71 MP: 11/11
 11240 | D:9      | Reached skill level 12 in Axes
 11331 | D:9      | Found a burning altar of Makhleb.
 11332 | D:9      | 11332 ||| Stepping ~*~*~tactically~*~*~ (hiding).
 11425 | D:9      | Found a stormy altar of Qazlal.
 11561 | D:9      | 11561 ||| PLANNING LAIR
 11561 | D:9      | 11561 ||| UPGRADING to +0 buckler.
 11566 | D:9      | 11566 ||| READING scroll labelled GABBIZILAOG.
 11615 | Lair:1   | Entered Level 1 of the Lair of Beasts
 11646 | Lair:1   | 11646 ||| INVOKING Berserk.
 11653 | Lair:1   | Reached skill level 1 in Shields
 11874 | Lair:1   | 11874 ||| INVOKING Berserk.
 12011 | Lair:1   | 12011 ||| INVOKING Berserk.
 12017 | Lair:1   | Reached skill level 3 in Shields
 12143 | Lair:1   | 12143 ||| Stepping ~*~*~tactically~*~*~ (stealth).
 12227 | Lair:1   | 12227 ||| INVOKING Berserk.
 12343 | Lair:1   | 12343 ||| Stepping ~*~*~tactically~*~*~ (stealth).
 12361 | Lair:1   | 12361 ||| INVOKING Berserk.
 12367 | Lair:1   | Reached skill level 6 in Shields
 12460 | Lair:1   | 12460 ||| INVOKING Berserk.
 12625 | Lair:1   | 12625 ||| INVOKING Berserk.
 12824 | Lair:1   | 12824 ||| INVOKING Berserk.
 13000 | Lair:1   | 13000 ||| READING scroll of enchant weapon.
 13000 | Lair:1   | 13000 ||| ENCHANTING +0 war axe.
 13100 | Lair:1   | 13100 ||| Stepping ~*~*~tactically~*~*~ (stealth).
 13101 | Lair:1   | 13101 ||| Stepping ~*~*~tactically~*~*~ (stealth).
 13324 | Lair:1   | Noticed Gastronok
 13328 | Lair:1   | 13328 ||| INVOKING Berserk.
 13343 | Lair:1   | Killed Gastronok
 13344 | Lair:1   | Reached skill level 13 in Axes
 13344 | Lair:1   | Reached XP level 12. HP: 77/77 MP: 12/12
 13613 | Lair:1   | 13613 ||| READING 2 scrolls of identify.
 13613 | Lair:1   | 13613 ||| IDENTIFYING sedimented white potion
 13614 | Lair:1   | 13614 ||| DROPPING potion of magic.
 13819 | Lair:2   | Found a hole to the Spider Nest.
 13874 | Lair:2   | 13874 ||| Stepping ~*~*~tactically~*~*~ (stealth).
 13886 | Lair:2   | Reached skill level 9 in Armour
 13935 | Lair:2   | 13935 ||| Stepping ~*~*~tactically~*~*~ (stealth).
 13936 | Lair:2   | 13936 ||| Stepping ~*~*~tactically~*~*~ (stealth).
 14236 | Lair:2   | 14236 ||| INVOKING Berserk.
 14241 | Lair:2   | Reached skill level 3 in Throwing
 14415 | Lair:2   | Found a staircase to the Swamp.
 14550 | Lair:2   | Noticed an eight-headed hydra
 14551 | Lair:2   | 14551 ||| INVOKING Brothers in Arms.
 14556 | Lair:2   | 14556 ||| SWAPPING to +0 eveningstar.
 14557 | Lair:2   | 14557 ||| INVOKING Berserk.
 14562 | Lair:2   | Killed an eight-headed hydra
 14584 | Lair:2   | 14584 ||| SWAPPING to +1 war axe.
 14666 | Lair:2   | 14666 ||| Stepping ~*~*~tactically~*~*~ (stealth).
 14832 | Lair:2   | 14832 ||| UPGRADING to ring of protection from fire.
 14834 | Lair:2   | 14834 ||| DROPPING ring of ice.
 14835 | Lair:2   | 14835 ||| READING 4 scrolls of identify.
 14835 | Lair:2   | 14835 ||| IDENTIFYING bubbling white potion
 14836 | Lair:2   | 14836 ||| READING 3 scrolls of identify.
 14836 | Lair:2   | 14836 ||| IDENTIFYING blue potion
 14837 | Lair:2   | 14837 ||| DROPPING potion of attraction.
 14884 | Lair:3   | Reached skill level 14 in Axes
 14986 | Lair:3   | 14986 ||| Stepping ~*~*~tactically~*~*~ (stealth).
 14988 | Lair:3   | 14988 ||| Stepping ~*~*~tactically~*~*~ (stealth).
 14990 | Lair:3   | 14990 ||| Stepping ~*~*~tactically~*~*~ (stealth).
 15084 | Lair:3   | Identified the +0 pair of boots of Exceptional Wonder {Harm
                  | rC+ Dex-5}
 15092 | Lair:3   | 15092 ||| INVOKING Berserk.
 15149 | Lair:3   | 15149 ||| Stepping ~*~*~tactically~*~*~ (stealth).
 15162 | Lair:3   | 15162 ||| Stepping ~*~*~tactically~*~*~ (stealth).
 15497 | Lair:3   | Noticed Nessos
 15498 | Lair:3   | 15498 ||| Stepping ~*~*~tactically~*~*~ (hiding).
 15499 | Lair:3   | Noticed Rupert
 15500 | Lair:3   | 15500 ||| Stepping ~*~*~tactically~*~*~ (hiding).
 15502 | Lair:3   | 15502 ||| INVOKING Trog's Hand.
 15506 | Lair:3   | 15506 ||| INVOKING Berserk.
 15518 | Lair:3   | Killed Nessos
 15521 | Lair:3   | HP: 22/120 [Rupert/+1 great mace of draining (20)]
 15527 | Lair:3   | Killed Rupert
 15528 | Lair:3   | Reached XP level 13. HP: 28/84 MP: 13/13
 16035 | Lair:3   | 16035 ||| Stepping ~*~*~tactically~*~*~ (stealth).
 16038 | Lair:3   | 16038 ||| Stepping ~*~*~tactically~*~*~ (stealth).
 16159 | Lair:3   | 16159 ||| READING scroll of enchant armour.
 16159 | Lair:3   | 16159 ||| ENCHANTING +1 plate armour.
 16251 | Lair:4   | 16251 ||| STAIRDANCE
 16276 | Lair:4   | 16276 ||| STAIRDANCE
 16348 | Lair:4   | 16348 ||| INVOKING Berserk.
 16362 | Lair:4   | Reached skill level 15 in Axes
 16364 | Lair:4   | 16364 ||| STAIRDANCE
 16408 | Lair:4   | 16408 ||| INVOKING Berserk.
 16414 | Lair:4   | 16414 ||| STAIRDANCE
 16523 | Lair:4   | 16523 ||| Stepping ~*~*~tactically~*~*~ (stealth).
 16529 | Lair:4   | 16529 ||| INVOKING Berserk.
 16569 | Lair:4   | 16569 ||| Stepping ~*~*~tactically~*~*~ (stealth).
 16586 | Lair:4   | You fall into a shaft and drop 1 floor!
 16586 | Lair:5   | Entered Level 5 of the Lair of Beasts
 16590 | Lair:5   | 16590 ||| Stepping ~*~*~tactically~*~*~ (stealth).
 16594 | Lair:5   | 16594 ||| INVOKING Berserk.
 16778 | Lair:5   | Reached skill level 12 in Fighting
 16917 | Lair:4   | 16917 ||| INVOKING Berserk.
 17065 | Lair:4   | Reached skill level 3 in Dodging
 17250 | Lair:4   | 17250 ||| Stepping ~*~*~tactically~*~*~ (stealth).
 17264 | Lair:4   | Reached ***** piety under Trog
 17329 | Lair:4   | 17329 ||| INVOKING Brothers in Arms.
 17330 | Lair:4   | 17330 ||| INVOKING Brothers in Arms.
 17332 | Lair:4   | 17332 ||| SWAPPING to +0 eveningstar.
 17333 | Lair:4   | 17333 ||| INVOKING Berserk.
 17366 | Lair:4   | 17366 ||| SWAPPING to +1 war axe.
 17508 | Lair:4   | 17508 ||| INVOKING Berserk.
 17809 | Lair:4   | 17809 ||| INVOKING Berserk.
 17864 | Lair:4   | 17864 ||| INVOKING Berserk.
 18014 | Lair:4   | 18014 ||| Stepping ~*~*~tactically~*~*~ (stealth).
 18018 | Lair:4   | 18018 ||| INVOKING Berserk.
 18043 | Lair:4   | HP: 19/86 [death yak (8)]
 18044 | Lair:4   | 18044 ||| READING 4 scrolls of teleportation.
 18044 | Lair:4   | HP: 5/86 [death yak (14)]
 18044 | Lair:4   | Mangled by a death yak

Levels and vault maps discovered:
D:1:      scummos_arrival_star, layout_basic,
          hellmonk_ecumenical_altar_crossroads, minmay_box_of_dots
D:2:      layout_loops_corners, basic_altar, chequers_serial_rivers_micro_d
D:3:      layout_loops_corners, grunt_temple_overflow_bloody_war,
          mainiacjoe_overflow_six_doors_small, serial_bayou_pond_d,
          kennysheep_another_room, uniq_grinder, uniq_ijyb
D:4:      layout_basic
D:5:      layout_loops_cross, serial_glass, glass_columns_a, glass_columns_b,
          glass_columns_a, glass_columns_a, glass_columns_a, glass_columns_b,
          grunt_decor_arrowhead, uniq_edmund
D:6:      layout_rooms, nicolae_overflow_hidden_temple, serial_shops,
          kennysheep_little_box, grunt_ministairs_5
D:7:      layout_basic, nicolae_kikubaaqudgha_miasma_corner,
          nicolae_uskayaw_en_pointe, led_sif_book, minmay_temple_entry_poolview,
          serial_shops, shop, nicolae_hexahallways, minmay_misc_feat_roman,
          uniq_duvessa
D:8:      nicolae_cairo_tiling_very_big, layout_cave_pools,
          nicolae_ru_the_path_less_chosen, enter_bailey_5, uniq_grum
D:9:      layout_gridville, bloody_makhleb, lemuel_round_altar,
          erik_lair_orcish_takeover
Lair:1:   layout_regular_city, serial_bayou_crossing, grunt_megastairs_5,
          infiniplex_staircase_pool_2, lemuel_fruit_fields, uniq_gastronok
Lair:2:   layout_gridlike, minmay_swamp_entry_reptiles,
          spider_nest_entry_rubble, st_stairs_5,
          nicolae_lair_run_with_the_wolves
Lair:3:   layout_regular_city, wad_woods_03, uniq_rupert, uniq_nessos
Lair:4:   layout_cave_pods, nicolae_volcano_entry_s_turn, grunt_megastairs_2
Lair:5:   due_jungle_book, layout_regular_city, dpeg_slime_entry_corner

Skill      XL: |  1  2  3  4  5  6  7  8  9 10 11 12 13 |
---------------+----------------------------------------+-----
Axes           | 3 6 7 9 10 11 13 14 15 | 15.7
Fighting       | 4 5 6 8 9 10 11 12 | 12.0
Armour         | 3 4 5 8 10 | 10.0
Throwing       | 1 4 |  4.6
Dodging        | 2 3 |  3.0
Shields        | 6 7 |  7.3

Action                   |  1- 3 |  4- 6 |  7- 9 | 10-12 | 13-15 || total
-------------------------+-------+-------+-------+-------+-------++-------
Melee: Hand axe          |   105 |   170 |   407 |    41 |       ||   723
       Punch             |       |     1 |     9 |     1 |       ||    11
       War axe           |       |       |       |   547 |   255 ||   802
       Eveningstar       |       |       |       |    11 |     6 ||    17
Throw: Boomerang         |       |       |    13 |    16 |       ||    29
       Javelin           |       |       |       |    20 |    11 ||    31
Invok: Berserk           |     3 |     3 |    11 |    18 |    10 ||    45
       Brothers in Arms  |       |       |       |     1 |     1 ||     2
       Trog's Hand       |       |       |       |     1 |       ||     1
  Use: Scroll            |     1 |     8 |     8 |     7 |     2 ||    26
       Potion            |       |     1 |     2 |     1 |       ||     4
 Stab: Invisible         |       |       |     2 |       |       ||     2
       Confused          |       |       |       |     2 |       ||     2
Armor: Animal skin       |    52 |    19 |       |       |       ||    71
       Ring mail         |       |    33 |    39 |       |       ||    72
       Leather armour    |       |    13 |       |       |       ||    13
       Chain mail        |       |       |   114 |    38 |       ||   152
       Plate armour      |       |       |       |   222 |   142 ||   364
Dodge: Dodged            |    67 |    76 |   157 |   278 |    92 ||   670
Block: Other             |       |       |       |    27 |       ||    27
       Buckler           |       |       |       |   174 |   113 ||   287
       Reflection        |       |       |       |     5 |       ||     5

Table legend:
 A = Non-vault XP
 B = Vault XP
 C = Vault XP percentage of total XP
 D = Non-vault monster count
 E = Vault monster count
 F = Vault count percentage of total count
                 A         B        C        D         E       F
            +---------+---------+-------+---------+---------+-------
      Total |   39858 |   12426 |  23.8 |     322 |      57 |  15.0
            +---------+---------+-------+---------+---------+-------
        D:1 |      56 |       2 |   3.4 |      25 |       1 |   3.8
        D:2 |      33 |       0 |   0.0 |      17 |       0 |   0.0
        D:3 |     163 |     348 |  68.1 |      15 |       3 |  16.7
        D:4 |     416 |       0 |   0.0 |      25 |       0 |   0.0
        D:5 |     602 |     169 |  21.9 |      14 |       1 |   6.7
        D:6 |    1056 |     218 |  17.1 |      30 |       5 |  14.3
        D:7 |    1909 |     212 |  10.0 |      18 |       2 |  10.0
        D:8 |     995 |     540 |  35.2 |      24 |       8 |  25.0
        D:9 |    2965 |     559 |  15.9 |      34 |       7 |  17.1
     Lair:1 |    5241 |    3129 |  37.4 |      25 |       8 |  24.2
     Lair:2 |    4562 |    2835 |  38.3 |      22 |      13 |  37.1
     Lair:3 |    7662 |    2735 |  26.3 |      33 |       2 |   5.7
     Lair:4 |   11207 |    1679 |  13.0 |      35 |       7 |  16.7
     Lair:5 |    2991 |       0 |   0.0 |       5 |       0 |   0.0
            +---------+---------+-------+---------+---------+-------
